AoeStats
← Mr. Penis

Nomad

507693638Analyzed
4v4 RM · 12d ago on Sep 19, 2026· 19m 15s· 8 players
Game mode
Random Map
Map size
231×231
Population
200
Speed
Normal
Resources
Standard
Victory
Conquest
Starting age
Dark Age
Ending age
Imperial Age
RankedLock teamsTeams togetherTeam positionsShared explorationLock speedFull tech treeHidden civsTurbo modeCheats
Victory
Defeat
🇨🇳 Armenians · China
1324
+12
🇦🇺 Saracens · Australia
1228
+16
🇺🇸 Wu · United States
1173
+19
🇨🇳 Dravidians · China
1318
-18
🇷🇺 Jurchens · Russia
1254
-16
🇹🇷 Shu · Türkiye
1210
-14
🇹🇷 Burgundians · Türkiye
1168
-12
TANA
6:15 Loom
14:04 Feudal Age
16:15 Double-Bit Axe
20:00 Castle Age
18:51 Scale Barding Armor
19:05 Gold Mining
19:28 Bow Saw
MyDreams
4:42 Loom
13:16 Feudal Age
13:40 Fishing Lines
17:38 Castle Age
15:40 Double-Bit Axe
15:43 Fishing Lines
18:59 Gillnets
19:50 Bow Saw
S.T.A.R.S. Wesker
8:28 Loom
13:15 Feudal Age
Mr. Penis
13:54 Feudal Age
18:43 Castle Age
16:34 Double-Bit Axe
17:52 Horse Collar
FATBOY <OBAMA>
4:13 Loom
6:49 Loom
8:39 Loom
13:27 Feudal Age
14:36 Double-Bit Axe
18:10 Castle Age
刀他(她)
8:51 Loom
14:39 Feudal Age
18:20 Castle Age
16:21 Stone Mining
16:42 Double-Bit Axe
19:08 Loom
臣等正欲死战,陛下何故先降耶?
5:10 Loom
13:16 Feudal Age
18:01 Castle Age
19:15 Double-Bit Axe
PinusBreath
4:28 Loom
15:32 Feudal Age
Connection lost

Rejoining the realm…

Still unreachable

The connection could not be restored.

Session expired

The server has moved on; the page needs a fresh start.